 Dungeon Crawl Stone Soup version 0.26-a0-660-gc07710193c (webtiles) character file.

Game seed: 9605770516144761534

6097 dmitrys the Artisan of Death (level 10, -4/74 HPs)
             Began as a Demonspawn Necromancer on Oct 5, 2020.
             Was a Priest of Kikubaaqudgha.
             Slain by a troll (16 damage)
             ... on level 10 of the Dungeon on Oct 6, 2020.
             The game lasted 01:42:14 (16198 turns).

dmitrys the Artisan of Death (DsNe)                Turns: 16198, Time: 01:42:14

Health: -4/74      AC: 12    Str:  8    XL:     10   Next: 58%
Magic:  0/20       EV: 12    Int: 20    God:    Kikubaaqudgha [***...]
Gold:   629        SH:  0    Dex: 14    Spells: 2/23 levels left

rFire    + . .     SeeInvis .   i - +2 dagger (venom)
rCold    . . .     Faith    .   (no shield)
rNeg     + . .     Spirit   +   a - +1 robe
rPois    +         Reflect  .   l - +0 helmet
rElec    .         Harm     .   p - +0 cloak
rCorr    .         Rampage  .   (no gloves)
MR       .....     Rnd*Tele +   I - +0 pair of boots {run}
Stlth    ++........             F - amulet of the acrobat
HPRegen  0.22/turn              k - ring of positive energy
MPRegen  0.17/turn              v - ring of wizardry

@: sanguine armour, quick
A: talons 2, blink, fire resistance 1, sense surroundings 1, poison resistance,
powered by death 2, teleportitis 1, magic shield, sanguine armour 1
a: Blink, Receive Corpses, Renounce Religion


You were on level 10 of the Dungeon.
You worshipped Kikubaaqudgha.
Kikubaaqudgha was most pleased with you.
You visited 2 branches of the dungeon, and saw 11 of its levels.

You collected 671 gold pieces.
You spent 42 gold pieces at shops.

Inventory:

Hand Weapons
 i - a +2 dagger of venom (weapon)
 j - a +1 short sword of speed
 t - a +0 lajatang
 u - a +2 falchion of protection
 B - the +7 hand crossbow of Makhleb's Outrage {penet, Str+2, unknown}
   (You found it on level 6 of the Dungeon)

   Ammo fired by it will pass through the targets it hits, potentially hitting
   all targets in its path until it reaches maximum range.
   It affects your strength (+2).
Armour
 a - a +1 robe (worn)
 l - a +0 helmet (worn)
 m - a +0 leather armour
 p - a +0 cloak (worn)
 I - a +0 pair of boots of running (worn)
Jewellery
 k - a ring of positive energy (left hand)
 v - a ring of wizardry (right hand)
 F - an amulet of the acrobat (around neck)
Wands
 c - a wand of iceblast (4)
 e - a wand of acid (10)
 o - a wand of flame (19)
 y - a wand of enslavement (6)
 D - a wand of digging (4)
Scrolls
 f - 3 scrolls of fear
 g - a scroll of enchant weapon
 h - 3 scrolls of fog
 n - 3 scrolls of teleportation
 q - 3 scrolls of remove curse
 A - 2 scrolls of amnesia
 C - a scroll of magic mapping
 H - a scroll of enchant armour
Potions
 b - a potion of stabbing
 d - a potion of brilliance
 r - 4 potions of might
 s - 3 potions of curing
 w - a potion of cancellation {unknown}
 x - 2 potions of heal wounds
 z - 3 potions of resistance
 E - 2 potions of lignification {unknown}
 G - a potion of flight {unknown}


   Skills:
 - Level 5.4 Fighting
   Level 0.2 Maces & Flails
 - Level 1.8 Dodging
 - Level 1.8 Stealth
 + Level 7.0 Spellcasting
 + Level 14.3 Necromancy


You had 2 spell levels left.
You knew the following spells:

 Your Spells              Type           Power        Failure   Level
a - Pain                  Necr           ####         1%          1
b - Vampiric Draining     Necr           ######....   1%          3
c - Agony                 Necr           ######..     1%          5
d - Dispel Undead         Necr           ######..     1%          4
e - Death Channel         Necr           ######....   1%          6
f - Swiftness             Air            #.......     6%          2

Your spell library contained the following spells:

 Spells                   Type           Power        Failure   Level
 Animate Skeleton         Necr           ######       1%          1
 Sublimation of Blood     Necr           ######....   1%          2
 Shock                    Conj/Air       #...         4%          1
 Animate Dead             Necr           ######....   1%          4
 Excruciating Wounds      Necr           ######....   1%          5
 Static Discharge         Conj/Air       #.......     12%         3
 Simulacrum               Ice/Necr       #####.....   30%         6
 Airstrike                Air            #.........   34%         4
 Lightning Bolt           Conj/Air       #.........   67%         5


Dungeon Overview and Level Annotations

Branches:
Dungeon (10/15)            Temple (1/1) D:5             Orc (0/2) D:9
   Lair: D:8-11

Altars:
Ashenzari
Cheibriados
Dithmenos
Elyvilon
Fedhas
Gozag
Hepliaklqana
Kikubaaqudgha
Makhleb
Nemelex Xobeh
Okawaru
Qazlal
Ru
Sif Muna
Trog
Uskayaw
Vehumet
Wu Jian
Xom
Yredelemnul
Zin
The Shining One
Beogh

Shops:
D:5 (   D:8 ?


Innate Abilities, Weirdness & Mutations

You have razor-sharp toenails.
You regenerate health from kills.
When hurt, damage is shared between your health and your magic reserves.
When seriously injured, your bleeding wounds create armour. (AC +6)
You can translocate small distances at will.
Your flesh is heat resistant. (rF+)
You passively map a small area around you.
Your system is resistant to poisons. (rPois)
You are occasionally teleported next to monsters.


Message History

The troll bites you but does no damage. The troll claws you!
Your blood congeals into armour.
The troll closely misses you.
You barely miss the troll.
The troll is lightly wounded.
The troll misses you. The troll claws you but does no damage.
The troll claws you!
You hit the troll.
The troll is lightly wounded.
The troll bites you but does no damage. The troll claws you. x2
You hit the troll but do no damage.
The troll is lightly wounded.
The troll bites you!
* * * LOW HITPOINT WARNING * * *
The troll closely misses you. The troll claws you.
* * * LOW HITPOINT WARNING * * *
You see here a robe.
There is an escape hatch in the ceiling here.
The troll bites you!
You die...
Kikubaaqudgha rasps: "You have failed me!
Welcome... death!"

########## .........#
.........# ############
.........# #..........#
* .........#
#...@......# ...).....#
#..T.......#### ,,
.........#
#.............#
.........####[(........#
.........##............#
*
....>....'..#..........#
* , ,
........)####..........#
* , .........#
#..........# * ,,
.........# #..........#


You could see a troll.

Vanquished Creatures
  A hydra (D:9)
  A cyclops (D:9)
  Psyche (D:7)
  A troll (D:10)
  4 yaks
  Grum (D:7)
  2 ice beasts
  A black bear (D:8)
  3 orc warriors
  An eye of draining (D:10)
  A phantom (D:9)
  4 ogres
  6 centaurs
  3 wolves
  A big kobold (D:7)
  4 bullfrogs
  A wyvern skeleton (D:8)
  2 scorpions
  A killer bee (D:8)
  5 howler monkeys
  2 jellies
  An orc priest (D:9)
  7 hounds
  A bullfrog zombie (D:8)
  6 orc wizards
  5 iguanas
  Natasha (twice) (D:3)
  4 worker ants
  2 hound zombies (D:7)
  3 hound skeletons
  A worker ant zombie (D:10)
  Robin (D:2)
  9 gnolls
  11 adders
  3 shadow imps
  2 white imps
  2 ufetubi
  An ooze (D:4)
  2 adder skeletons
  9 worms
  2 dart slugs (D:1)
  3 leopard geckos
  46 orcs
  2 ball pythons (D:1)
  2 giant cockroaches
  14 goblins
  15 hobgoblins
  2 jackals (D:1)
  20 kobolds
  2 quokkas (D:4)
  6 bats
  6 frilled lizards
  A quokka skeleton (D:8)
  15 rats
254 creatures vanquished.

Vanquished Creatures (collateral kills)
  An orc wizard (D:9)
  A worker ant (D:9)
  An orc (D:9)
3 creatures vanquished.

Grand Total: 257 creatures vanquished

Notes
Turn   | Place    | Note
-------+----------+-------------------------------------------
     0 | D:1      | dmitrys the Demonspawn Necromancer began the quest for the
                  | Orb.
     0 | D:1      | Reached XP level 1. HP: 13/13 MP: 3/3
   206 | D:1      | Gained mutation: You regenerate a little health from kills.
                  | [demonic ancestry]
   206 | D:1      | Reached XP level 2. HP: 16/19 MP: 0/5
   365 | D:1      | Reached skill level 5 in Necromancy
   598 | D:1      | Reached XP level 3. HP: 18/24 MP: 0/6
  1654 | D:2      | Noticed Robin
  1656 | D:2      | Gained mutation: You have sharp toenails. [demonic
                  | ancestry]
  1656 | D:2      | Reached XP level 4. HP: 25/30 MP: 3/8
  1660 | D:2      | Killed Robin
  2057 | D:2      | Gained mutation: Your flesh is heat resistant. (rF+)
                  | [potion of mutation]
  2057 | D:2      | Gained mutation: You are clumsy. (Dex -2) [potion of
                  | mutation]
  2057 | D:2      | Gained mutation: You expend magic power (3 MP) to
                  | strengthen your wands. [potion of mutation]
  2376 | D:2      | Lost mutation: You expend magic power (3 MP) to strengthen
                  | your wands. [potion of mutation]
  2376 | D:2      | Lost mutation: You are clumsy. (Dex -2) [potion of
                  | mutation]
  2376 | D:2      | Lost mutation: Your flesh is heat resistant. (rF+) [potion
                  | of mutation]
  2376 | D:2      | Gained mutation: You are occasionally teleported next to
                  | monsters. [potion of mutation]
  2376 | D:2      | Gained mutation: You can translocate small distances at
                  | will. [potion of mutation]
  2376 | D:2      | Gained mutation: Your system is resistant to poisons.
                  | (rPois) [potion of mutation]
  2391 | D:2      | Learned a level 3 spell: Vampiric Draining
  2440 | D:2      | Gained mutation: Your flesh is heat resistant. (rF+)
                  | [potion of mutation]
  2440 | D:2      | Gained mutation: You passively map a small area around you.
                  | [potion of mutation]
  3805 | D:3      | Gained mutation: When seriously injured, your bleeding
                  | wounds create armour. (AC +6) [demonic ancestry]
  3805 | D:3      | Reached XP level 5. HP: 35/35 MP: 8/10
  3811 | D:3      | Learned a level 4 spell: Animate Dead
  3859 | D:3      | Noticed Natasha
  3873 | D:3      | Killed Natasha
  3873 | D:3      | Reached skill level 6 in Necromancy
  4861 | D:3      | Noticed Natasha
  4865 | D:3      | Killed Natasha
  5094 | D:4      | Reached XP level 6. HP: 39/41 MP: 8/12
  5320 | D:4      | Found a burning altar of Makhleb.
  5723 | D:4      | Reached skill level 7 in Necromancy
  6493 | D:4      | Upgraded the game from 0.26-a0-658-gbdda728c12 to
                  | 0.26-a0-660-gc07710193c
  6509 | D:5      | Entered Level 5 of the Dungeon
  6509 | D:5      | Found a staircase to the Ecumenical Temple.
  6525 | Temple   | Entered the Ecumenical Temple
  6700 | Temple   | Became a worshipper of Kikubaaqudgha
  6901 | D:5      | Found a runed translucent door.
  6933 | D:5      | Found a stormy altar of Qazlal.
  7379 | D:5      | Found Avutiw's Weapon Shop.
  7654 | D:5      | Noticed an orc warrior
  7667 | D:5      | Killed an orc warrior
  7667 | D:5      | Reached skill level 8 in Necromancy
  7667 | D:5      | Gained mutation: You have razor-sharp toenails. [demonic
                  | ancestry]
  7667 | D:5      | Reached XP level 7. HP: 13/46 MP: 1/13
  7967 | D:5      | Reached * piety under Kikubaaqudgha
  7967 | D:5      | Identified Kikubaaqudgha's Incunabulum of Evil Rites
                  | (Kikubaaqudgha gifted it to you on level 5 of the Dungeon)
  7967 | D:5      | Received a gift from Kikubaaqudgha
  8067 | D:5      | Found a roughly hewn altar of Beogh.
  8130 | D:6      | Found a sacrificial altar of Ru.
  8161 | D:6      | Reached skill level 9 in Necromancy
  8168 | D:6      | Learned a level 5 spell: Agony
  8436 | D:6      | Found a white marble altar of Elyvilon.
  8571 | D:6      | Got a crude hand crossbow
  8913 | D:6      | Reached skill level 10 in Necromancy
  8913 | D:6      | Reached XP level 8. HP: 39/52 MP: 7/14
  9438 | D:7      | Found a hazy altar of Hepliaklqana.
  9459 | D:7      | Reached skill level 11 in Necromancy
 10557 | D:8      | Reached ** piety under Kikubaaqudgha
 10700 | D:8      | Noticed Psyche
 10705 | D:8      | Reached skill level 1 in Fighting
 10705 | D:8      | Reached skill level 12 in Necromancy
 10913 | D:8      | Found a sparkling altar of Nemelex Xobeh.
 10913 | D:8      | Noticed Grum
 11022 | D:7      | Killed Grum
 11022 | D:7      | Gained mutation: When hurt, damage is shared between your
                  | health and your magic reserves. [demonic ancestry]
 11022 | D:7      | Reached XP level 9. HP: 34/62 MP: 0/15
 11611 | D:7      | Killed Psyche
 12380 | D:8      | Reached skill level 5 in Fighting
 12489 | D:8      | Found Fextus's Magic Scroll Shop.
 12497 | D:8      | Bought a scroll of teleportation for 42 gold pieces
 12596 | D:8      | Reached skill level 13 in Necromancy
 12996 | D:8      | Reached *** piety under Kikubaaqudgha
 12996 | D:8      | Identified Kikubaaqudgha's Volume of Black Rites
                  | (Kikubaaqudgha gifted it to you on level 8 of the Dungeon)
 12996 | D:8      | Received a gift from Kikubaaqudgha
 13006 | D:8      | Learned a level 4 spell: Dispel Undead
 13130 | D:9      | Noticed an eight-headed hydra
 13662 | D:9      | Reached skill level 5 in Spellcasting
 13727 | D:8      | Gained mutation: You regenerate health from kills. [demonic
                  | ancestry]
 13727 | D:8      | Reached XP level 10. HP: 48/74 MP: 2/17
 13937 | D:9      | Learned a level 6 spell: Death Channel
 13987 | D:9      | Found a glowing silver altar of Zin.
 14350 | D:9      | Identified a +0 pair of boots of running (You found it on
                  | level 9 of the Dungeon)
 14463 | D:9      | Noticed a two-headed ogre
 14489 | D:9      | Noticed a cyclops
 14709 | D:9      | Found a staircase to the Orcish Mines.
 14778 | D:9      | Killed an eight-headed hydra
 14926 | D:9      | Learned a level 2 spell: Swiftness
 14974 | D:9      | Killed a cyclops
 14974 | D:9      | Reached skill level 14 in Necromancy
 15274 | D:10     | Entered Level 10 of the Dungeon
 16198 | D:10     | Slain by a troll

Illustrated notes

Levels and vault maps discovered:
D:1:      ncdulo_watergridlock, layout_loops_ring
D:2:      layout_loops_corners, uniq_robin
D:3:      layout_loops_ring, uniq_natasha
D:4:      layout_layer_cave, nicolae_overflow_hidden_temple
D:5:      layout_basic, grunt_qazlal_clouds, minmay_temple_entry_offerings,
          serial_shops, kennysheep_mini_moat, lightli_church_of_beogh
D:6:      layout_loops_cross, nicolae_ru_awakened_eye, lemuel_round_altar
D:7:      layout_basic, lemuel_round_altar
D:8:      layout_basic, nemelex_xobeh_ov_fountains_minmay, serial_shops, shop,
          minivault_19, st_stairs_6, minmay_fractal_squares_diagonal_5,
          uniq_psyche, uniq_grum
D:9:      minmay_curly_fans, layout_small_grid, zin_academy, orc_0_dummy
D:10:     layout_roguey [special_room_orc]
Temple:   regret_index_temple_generic_petals

Skill      XL: |  1  2  3  4  5  6  7  8  9 10 |
---------------+-------------------------------+-----
Necromancy     | 5 6 8 10 12 13 14 | 14.3
Spellcasting   | 3 4 5 7 |  7.0
Fighting       | 2 5 |  5.4
Maces & Flails | |  0.2
Dodging        | |  1.8
Stealth        | |  1.8

Action                   |  1- 3 |  4- 6 |  7- 9 | 10-12 || total
-------------------------+-------+-------+-------+-------++-------
Melee: Unarmed           |     1 |       |       |       ||     1
       Club              |     1 |       |       |       ||     1
       Flail             |     2 |     9 |       |       ||    11
       Dagger            |       |    43 |   262 |    83 ||   388
       Kick              |       |     9 |    10 |       ||    19
 Cast: Pain              |    68 |   179 |   197 |    38 ||   482
       Animate Dead      |       |     3 |       |       ||     3
       Vampiric Draining |       |     1 |    23 |     9 ||    33
       Agony             |       |       |     9 |     7 ||    16
       Dispel Undead     |       |       |     2 |     3 ||     5
       Death Channel     |       |       |       |     3 ||     3
 Abil: Blink             |       |     1 |       |     2 ||     3
Evoke: Wand              |       |       |     3 |     5 ||     8
  Use: Scroll            |     1 |     8 |     6 |     6 ||    21
       Potion            |       |     6 |     2 |     1 ||     9
 Stab: Sleeping          |       |     1 |     1 |     3 ||     5
       Distracted        |       |       |       |     1 ||     1
Armor: Robe              |     4 |    15 |   114 |    36 ||   169
       Leather armour    |       |     1 |       |       ||     1
Dodge: Dodged            |     6 |    44 |   227 |    84 ||   361

Table legend: (Time is in decaauts)
 A = Elapsed time spent in this place.
 B = Non-inter-level travel time spent in this place.
 C = Inter-level travel time spent in this place.
 D = Time resting spent in this place.
 E = Time spent auto-exploring this place.
 F = Levels seen in this place.
 G = Mean time per level.
                   A        B        C        D        E       F      G
               +--------+--------+--------+--------+--------+-----+--------+
         Total |  16145 |  16145 |      0 |   5210 |   7735 |  11 | 1467.7 |
       Dungeon |  15896 |  15896 |      0 |   5210 |   7554 |  10 | 1589.6 |
        Temple |    249 |    249 |      0 |      0 |    181 |   1 |  249.0 |
               +--------+--------+--------+--------+--------+-----+--------+

Top non-repeatable levels by time:
     D:8: 2359 daAuts
     D:7: 2075 daAuts
     D:2: 1864 daAuts
     D:9: 1705 daAuts
     D:1: 1682 daAuts
     D:3: 1547 daAuts
     D:4: 1545 daAuts
     D:5: 1238 daAuts
     D:6: 976 daAuts
    D:10: 901 daAuts
  Temple: 249 daAuts
